 Dungeon Crawl Stone Soup version 0.30-a0-939-gc8157cb160 (webtiles) character file.

Game seed: 8327737138402311817

1 Morbidden the Conjurer (level 1, 0/9 HPs)
             Began as a Vine Stalker Conjurer on Mar 25, 2023.
             Slain by a jackal (2 damage)
             ... on level 1 of the Dungeon.
             The game lasted 00:00:11 (186 turns).

Morbidden the Conjurer (Vine Stalker Conjurer)       Turns: 186, Time: 00:00:11

Health: 0/9        AC:  2    Str:  9    XL:     1   Next: 20%
Magic:  0/4        EV: 12    Int: 18    God:
Gold:   16         SH:  0    Dex: 12    Spells: 3/4 levels left

rFire   . . .      SeeInvis .    (no weapon)
rCold   . . .      Faith    .    (no shield)
rNeg    . . .      Spirit   +    a - +0 robe
rPois   .          Reflect  .    (no helmet)
rElec   .          Rampage  .    (no cloak)
rCorr   .                        (no gloves)
Will    .....                    (no boots)
Stlth   ++                       (no amulet)
HPRegen 0.21/turn                (no ring)
MPRegen 0.09/turn                (no ring)

@: no status effects
A: fangs 2, magic shield, antimagic bite, no potion heal 2
a: no special abilities


You were on level 1 of the Dungeon.
You visited 1 branch of the dungeon, and saw 1 of its levels.

You collected 16 gold pieces.

Inventory:

Armour
 a - a +0 robe (worn)
Potions
 b - a potion of magic
 c - a potion of might {unknown}


   Skills:
 * Level 1.5 Dodging
 + Level 2.4 Stealth
 * Level 2.1 Spellcasting
 * Level 4.0 Conjurations


You had 3 spell levels left.
You knew the following spells:

 Your Spells              Type           Power      Damage    Failure   Level
a - Magic Dart            Conj           64%        1d6       3%          1

Your spell library contained the following spells:

 Spells                   Type           Power      Damage    Failure   Level
 Searing Ray              Conj           32%        2d5       4%          2
 Dazzling Flash           Conj/Hex       18%        N/A       22%         3
 Fulminant Prism          Conj/Hex       4%         3d5       58%         4
 Iskenderun's Mystic Bla  Conj/Tloc      9%         2d4       58%         4


Dungeon Overview and Level Annotations

Branches:
Dungeon (1/15)

Altars:


Innate Abilities, Weirdness & Mutations

You have extremely sharp teeth.
When hurt, damage is shared between your health and your magic reserves.
Your bite disrupts and absorbs the magic of your enemies.
Potions cannot restore your health.


Message History

You hit the jackal but do no damage.
A frilled lizard comes into view.
The frilled lizard hisses angrily.
You hit the jackal but do no damage.
The jackal is moderately wounded.
The jackal closely misses you. x2
The jackal bites you but does no damage.
The jackal closely misses you. The jackal completely misses you.
You closely miss the jackal. Your bite misses the jackal.
The jackal is moderately wounded.
The jackal bites you but does no damage. x2
The jackal barely misses you.
You hit the jackal. Your bite misses the jackal.
The jackal is heavily wounded.
The jackal closely misses you. The jackal bites you.
The jackal barely misses you.
Unknown command.
The jackal attacks as you move away!
The jackal bites you but does no damage.
The jackal barely misses you. The jackal closely misses you.
The jackal misses you. The jackal attacks as you move away!
The jackal closely misses you. The jackal attacks as you move away!
The jackal bites you. The jackal bites you.
The jackal attacks as you move away! The jackal barely misses you.
The jackal bites you. The jackal attacks as you move away!
The jackal barely misses you. The jackal bites you.
The jackal closely misses you. The jackal attacks as you move away!
The jackal completely misses you. The jackal attacks as you move away!
The jackal barely misses you. The jackal attacks as you move away!
The jackal bites you. The jackal misses you.
You hit the jackal but do no damage. Your bite misses the jackal.
The jackal closely misses you. The jackal misses you.
You closely miss the jackal. The jackal bites you.
You hit the jackal but do no damage. The jackal bites you.
* * * LOW HITPOINT WARNING * * *
The jackal barely misses you.
You hit the jackal but do no damage. The jackal bites you.
You die...

.#...###...# P...
....#.###..###..#
##.######...'P.# ####..# #'##
#...###.# ###.....# ##'# ###..##
.# ##.......# #######.....## .#
##........# #....#.......## #
#.........#
..#.....###...#######.........##.
.###...## ##..#.@hh#.............
.#..#..## ##....##rhl...$.....)#
...##...###...###+##...w...).w##
..####.......## ##.........# .##
##.....## #.........# ## ###.####
##........# # ####...#.#
##.......# # #...##...# ###.....#
##.#..#..## ####..#


You could see a dart slug, 3 jackals, a frilled lizard and a rat.

Vanquished Creatures
  A goblin (D:1)
1 creature vanquished.

Notes
Turn   | Place    | Note
-------+----------+-------------------------------------------
     0 | D:1      | Morbidden the Vine Stalker Conjurer began the quest for the
                  | Orb.
     0 | D:1      | Reached XP level 1. HP: 9/9 MP: 4/4
   186 | D:1      | Slain by a jackal

Illustrated notes

Levels and vault maps discovered:
D:1:      dpeg_cavernosity, layout_basic

Action                     || total
---------------------------++-------
  Melee: Unarmed           ||     8
   Cast: Magic Dart        ||     4
 Armour: Robe              ||     4
  Dodge: Dodged            ||    21

Table legend: (Time is in decaauts)
 A = Elapsed time spent in this place.
 B = Non-inter-level travel time spent in this place.
 C = Inter-level travel time spent in this place.
 D = Time resting spent in this place.
 E = Time spent auto-exploring this place.
 F = Levels seen in this place.
 G = Mean time per level.
                   A        B        C        D        E       F      G
               +--------+--------+--------+--------+--------+-----+--------+
         Total |    186 |    186 |      0 |      0 |    159 |   1 |  186.0 |
       Dungeon |    186 |    186 |      0 |      0 |    159 |   1 |  186.0 |
               +--------+--------+--------+--------+--------+-----+--------+

Top non-repeatable levels by time:
     D:1: 186 daAuts
